AoeStats
← Marsheimer

Arabia

504536684Analyzed
2v2 RM · 27d ago on Sep 5, 2026· 33m 53s· 4 players
Game mode
Random Map
Map size
Medium (4 player)
Population
200
Speed
Normal
Resources
Standard
Victory
Conquest
Starting age
Dark Age
Ending age
Imperial Age
RankedLock teamsTeams togetherTeam positionsShared explorationLock speedFull tech treeHidden civsTurbo modeCheats
Victory
Defeat
🇮🇳 Britons · India
619
+12
🇩🇪 Poles · Germany
575
+14
🇩🇪 Franks · Germany
531
-24
🇩🇪 Britons · Germany
531
-25
MiDi38
13:26 Feudal Age
18:36 Wheelbarrow
25:04 Castle Age
26:10 Hand Cart
Marsheimer
12:33 Feudal Age
22:46 Castle Age
22:32 Loom
26:12 Wheelbarrow
26:22 Treadmill Crane
26:14 Crossbowman
27:43 Horse Collar
29:40 Padded Archer Armor
29:44 Scale Mail Armor
32:40 Imperial Age
kunj2020
4:44 Loom
12:09 Feudal Age
14:09 Double-Bit Axe
14:10 Horse Collar
18:54 Castle Age
20:37 Man-at-Arms
26:25 Heavy Plow
33:11 Long Swordsman
33:37 Gambesons
David1992
2:40 Loom
12:27 Feudal Age
13:04 Horse Collar
14:35 Double-Bit Axe
14:43 Gold Mining
19:29 Wheelbarrow
19:31 Bloodlines
22:16 Castle Age
23:32 Light Cavalry
25:25 Szlachta Privileges
27:29 Scale Barding Armor
29:28 Chain Barding Armor
36:40 Imperial Age
Connection lost

Rejoining the realm…

Still unreachable

The connection could not be restored.

Session expired

The server has moved on; the page needs a fresh start.